Map: Acid Plant LE

Players

ssy

  • Race: Zerg Zerg
  • Spawn Location: 11:00

Stephano - Winner!

  • Race: Zerg Zerg
  • Spawn Location: 5:00

Event: WCS Leipzig 2018

VOD

Have the link to the VOD?

Description

Time

  • Played on: Jan. 26, 2018, 6:20 a.m.
  • Length: 5:52

All games in this series

Show
View Real Time Build Order
Export as new Build Order

ssy Zerg 

Build Orders: Pool First, Zergling Baneling 

Get SALT Encoding   

  12  0:00  Drone  
  13  0:17  Extractor  
  12  0:23  Spawning Pool  
  12  0:27  Drone  
  12  0:32  Drone  
  13  0:39  Drone  
  14  0:48  Overlord  
  14  1:10  Queen  
  14  1:11  Zergling x2  
  17  1:17  Metabolic Boost  
  17  1:21  Zergling x2  
  18  1:26  Zergling x2  
  19  1:36  Zergling x2  
  20  1:41  Baneling Nest  
  19  1:51  Zergling x4  
  21  1:59  Overlord  
  21  2:08  Zergling x2  
  22  2:19  Zergling x6  
  22  2:22  Zergling x2  
  26  2:28  Baneling x2  
  26  2:30  Zergling x2  
  27  2:40  Baneling  
  27  2:41  Zergling x2  
  27  2:56  Zergling x6  
  28  3:04  Zergling x2  
  26  3:11  Zergling x2  
  23  3:20  Baneling x2  
  23  3:21  Zergling x2  
  24  3:31  Zergling x2  
  23  3:45  Zergling x2  
  20  3:54  Zergling x8  
  24  4:08  Zergling x2  
  25  4:20  Zergling x2  
  25  4:23  Baneling x2  
  26  4:24  Drone  
  26  4:26  Zergling x4  
  29  4:35  Zergling x2  
  27  4:38  Baneling x3  
  27  4:47  Zergling x2  
  27  4:49  Baneling  
  27  4:59  Zergling x6  
  25  5:04  Zergling x2  
  25  5:05  Baneling  
  24  5:17  Zergling x2  
  24  5:19  Hatchery  
  23  5:26  Zergling x2  
  23  5:27  Zergling x2  
  23  5:32  Zergling x2  
  23  5:37  Baneling x2  
  23  5:38  Drone  
Show
View Real Time Build Order
Export as new Build Order

Stephano Zerg - Winner!

Build Orders: Hatch First 

Get SALT Encoding   

  12  0:01  Drone  
  13  0:13  Overlord  
  13  0:17  Drone  
  14  0:32  Drone x2  
  16  0:36  Drone  
  17  0:52  Hatchery  
  17  0:55  Drone  
  17  0:58  Drone  
  18  1:09  Extractor  
  17  1:12  Spawning Pool  
  17  1:16  Drone  
  17  1:19  Drone  
  18  1:29  Drone  
  19  1:41  Overlord  
  19  1:53  Drone  
  20  1:59  Queen  
  22  2:01  Zergling x2  
  22  2:02  Spine Crawler  
  22  2:03  Queen  
  22  2:05  Zergling x2  
  25  2:10  Metabolic Boost  
  25  2:16  Zergling x2  
  25  2:18  Zergling x2  
  27  2:23  Zergling x2  
  27  2:28  Zergling x2  
  29  2:36  Baneling Nest  
  28  2:48  Zergling x2  
  28  2:49  Zergling x6  
  32  2:56  Zergling x2  
  28  2:59  Queen  
  28  3:01  Zergling x2  
  29  3:07  Zergling x2  
  29  3:10  Zergling x4  
  28  3:14  Zergling x2  
  28  3:20  Baneling  
  28  3:21  Baneling  
  28  3:26  Baneling  
  28  3:30  Zergling x4  
  29  3:42  Zergling x4  
  29  3:43  Zergling x4  
  29  3:47  Drone  
  31  3:49  Drone  
  31  3:53  Zergling x2  
  33  3:57  Baneling  
  33  3:58  Baneling  
  33  3:59  Drone  
  33  4:02  Zergling x2  
  35  4:09  Overlord  
  35  4:20  Drone  
  36  4:25  Overlord  
  36  4:29  Baneling x2  
  36  4:30  Drone x3  
  39  4:37  Drone x2  
  40  4:41  Zergling x4  
  40  4:55  Zergling x2  
  40  4:56  Zergling x10  
  40  5:01  Baneling x2  
  40  5:06  Baneling  
  40  5:07  Baneling  
  40  5:08  Zergling x4  
  40  5:09  Zergling x2  
  40  5:11  Spine Crawler  
  41  5:19  Baneling x3  
  41  5:22  Zergling x2  
  41  5:23  Zergling x4  
  42  5:31  Drone  
  42  5:33  Drone x4  
  42  5:35  Drone  
  50  5:46  Extractor  
  50  5:48  Roach Warren  
Tags
 
Add a new tag
Caveats
  • Supply blocks, unpowered buildings, or Contaminate may cause inaccurate times.
  • Supply counts are checked every 10 seconds.